Map: Romanticide LE

Players

milkicow

  • Race: Terran Terran

souL - Winner!

  • Race: Terran Terran

Event: DreamHack SC2 Masters 2021 Fall

VOD

Have the link to the VOD?

Description

Time

  • Played on: Aug. 7, 2021, 12:13 p.m.
  • Length: 15:00

All games in this series

Show
View Real Time Build Order
Export as new Build Order

milkicow Terran 

Build Orders: Gas First Reaper Expand 

Get SALT Encoding   

  12  0:00  SCV  
  13  0:12  SCV  
  14  0:17  Supply Depot  
  14  0:24  SCV  
  14  0:27  Refinery  
  15  0:38  SCV  
  16  0:44  Barracks  
  16  0:50  SCV  
  17  1:02  SCV  
  18  1:17  SCV  
  19  1:30  Reaper  
  19  1:31  Orbital Command  
  20  1:46  Command Center  
  20  1:53  Factory  
  20  1:56  SCV  
  21  2:04  Supply Depot  
  21  2:08  SCV  
  21  2:11  Barracks Reactor  
  22  2:20  SCV  
  23  2:32  SCV  
  26  2:37  Hellion  
  26  2:43  Command Center  
  26  2:46  SCV  
  26  2:47  Marine  
  26  2:50  Marine  
  29  2:55  Refinery  
  29  2:58  SCV, Factory Tech Lab  
  30  3:07  Orbital Command  
  30  3:10  Marine  
  30  3:12  Marine  
  32  3:16  SCV  
  33  3:23  Cyclone  
  36  3:28  SCV  
  36  3:32  Marine x2  
  39  3:40  SCV  
  40  3:42  Supply Depot  
  40  3:49  Marine  
  40  3:51  Starport  
  40  3:52  SCV  
  42  3:57  Orbital Command  
  42  3:58  Orbital Command  
  39  4:04  SCV  
  39  4:05  Siege Tank  
  39  4:10  Marine  
  39  4:16  SCV  
  38  4:22  Marine  
  38  4:23  SCV  
  37  4:27  Marine  
  37  4:28  SCV  
  37  4:30  Starport Tech Lab  
  39  4:37  SCV, Siege Tank  
  42  4:40  Marine  
  42  4:41  SCV  
  43  4:47  SCV  
  43  4:48  Marine  
  43  4:49  Refinery  
  43  4:51  SCV  
  46  4:53  SCV  
  46  4:57  Marine  
  48  5:00  SCV  
  48  5:03  SCV  
  48  5:06  Marine, SCV  
  51  5:08  Raven  
  51  5:12  SCV  
  51  5:16  SCV  
  51  5:18  SCV  
  53  5:24  SCV  
  53  5:25  Marine, Barracks  
  53  5:27  Barracks  
  53  5:28  SCV, Supply Depot  
  56  5:30  Siege Tank  
  56  5:31  SCV  
  56  5:35  Bunker  
  60  5:36  SCV  
  60  5:38  Marine  
  60  5:42  SCV  
  62  5:46  Refinery  
  62  5:52  Marine  
  62  5:54  SCV  
  62  5:56  Raven  
  65  5:57  SCV  
  65  5:58  Engineering Bay x2  
  65  6:00  Supply Depot  
  66  6:05  SCV  
  66  6:07  Marine  
  70  6:11  Siege Tank  
  70  6:12  SCV  
  70  6:14  Marine  
  70  6:15  SCV  
  70  6:16  Barracks Tech Lab  
  73  6:25  Marine  
  74  6:26  Barracks Tech Lab  
  74  6:28  SCV, Barracks  
  74  6:29  Barracks  
  74  6:32  Marine  
  75  6:35  Stimpack  
  75  6:36  Marine  
  75  6:37  SCV  
  78  6:41  SCV  
  78  6:43  Marine  
  78  6:45  Marine  
  81  6:51  Marine  
  79  6:55  Marine  
  79  6:57  SCV  
  79  6:59  Siege Tank  
  79  7:00  Marine  
  85  7:02  Orbital Command  
  85  7:03  Supply Depot x2, Raven  
  85  7:04  SCV  
  85  7:08  Marine  
  88  7:09  Terran Infantry Weapons Level 1  
  88  7:11  SCV  
  90  7:16  Marine x2, SCV  
  90  7:17  Supply Depot  
  90  7:20  Barracks Reactor  
  90  7:22  Barracks Reactor  
  93  7:24  Marine, Terran Infantry Armor Level 1  
  93  7:29  SCV x2  
  96  7:31  Marine  
  96  7:32  Supply Depot  
  96  7:34  SCV  
  96  7:36  Siege Tank  
  101  7:41  SCV  
  101  7:42  Refinery  
  101  7:43  Refinery  
  102  7:44  SCV  
  102  7:46  SCV  
  103  7:52  Marine  
  103  7:53  SCV  
  103  7:55  Marine  
  103  7:56  SCV  
  103  7:57  Marine  
  102  7:58  SCV  
  102  8:00  Marine  
  102  8:01  Starport Reactor  
  102  8:04  Marine  
  102  8:05  Marine, SCV  
  105  8:07  Marine  
  105  8:10  Marine, Combat Shield  
  108  8:14  Siege Tank  
  108  8:15  SCV  
  108  8:16  SCV  
  108  8:19  SCV  
  114  8:22  Armory  
  114  8:28  Supply Depot  
  114  8:29  Supply Depot  
  114  8:30  Marine x4  
  114  8:31  Marine x2  
  114  8:32  Marine  
  121  8:36  Marine, SCV  
  121  8:38  Medivac  
  125  8:43  SCV x2, Medivac  
  125  8:47  Marine  
  131  8:48  SCV, Supply Depot  
  131  8:52  Marine  
  133  8:55  SCV  
  133  8:56  SCV  
  133  8:57  Supply Depot  
  133  8:59  Sensor Tower, Supply Depot  
  133  9:00  SCV  
  133  9:01  Marine x3  
  138  9:05  Siege Tank  
  138  9:07  Marine, SCV  
  138  9:09  SCV  
  144  9:11  Barracks Reactor  
  144  9:12  SCV  
  144  9:13  Medivac  
  144  9:14  Terran Infantry Weapons Level 2  
  145  9:17  Marine, Medivac  
  145  9:20  Marine x2  
  149  9:25  Marine x3  
  152  9:36  Marine x2, Command Center  
  152  9:38  Marine  
  155  9:40  Marine  
  155  9:43  Marine x2  
  155  9:44  Marine  
  158  9:47  Marine  
  150  9:54  Medivac  
  150  9:56  Marine  
  150  9:57  Medivac, Siege Tank  
  131  10:00  Marine  
  131  10:01  Marine x3, SCV  
  131  10:02  Marine x3  
  131  10:03  SCV  
  131  10:05  Marine  
  129  10:12  SCV  
  124  10:14  Marine  
  124  10:18  Marine x4, Terran Infantry Armor Level 2  
  124  10:19  Factory  
  124  10:20  Marine x2  
  124  10:21  Marine  
  132  10:23  Marine  
  132  10:28  Viking x2  
  137  10:32  Marine, Siege Tank  
  139  10:36  Marine x3  
  139  10:41  Marine  
  143  10:43  Marine  
  143  10:44  Marine x3  
  143  10:46  SCV  
  148  10:50  Marine  
  148  10:54  Marine x3  
  141  10:58  Viking, Medivac  
  141  10:59  Marine  
  141  11:01  Marine x3  
  141  11:02  Marine  
  149  11:07  Marine  
  149  11:09  SCV  
  149  11:12  Marine x3  
  149  11:13  Siege Tank  
  149  11:17  Marine  
  149  11:18  SCV x2  
  150  11:19  Marine x3  
  150  11:24  Siege Tank  
  152  11:25  SCV  
  152  11:26  Marine, Starport  
  152  11:28  Starport  
  152  11:30  SCV  
  154  11:35  Marine, SCV  
  154  11:37  SCV  
  151  11:40  Marine  
  151  11:42  SCV  
  151  11:44  Marine  
  151  11:45  Viking  
  147  11:47  Siege Tank  
  147  11:53  Marine  
  147  11:54  Marine, SCV, Planetary Fortress  
  148  12:04  SCV  
  148  12:06  Marine  
  148  12:07  Marine  
  147  12:09  SCV  
  147  12:10  Marine  
  147  12:12  Marine x2, Orbital Command  
  147  12:13  Siege Tank  
  147  12:14  Marine  
  155  12:20  Marine  
  155  12:21  Medivac, Siege Tank  
  150  12:23  Marine, SCV  
  150  12:24  SCV  
  150  12:31  SCV  
  150  12:33  Marine  
  150  12:34  Viking  
  150  12:35  SCV  
  156  12:44  Refinery, SCV  
  156  12:46  Refinery  
  151  12:56  Refinery  
  151  12:57  Refinery, Marine  
  152  13:05  Siege Tank  
  155  13:06  Marine  
  156  13:13  Marine  
  156  13:17  Missile Turret  
  156  13:24  Supply Depot x2  
  156  13:25  Marine, Command Center  
  156  13:31  Marine  
  156  13:33  Marine x2, Siege Tank  
  156  13:34  Marine  
  155  13:37  Siege Tank  
  155  13:39  Marine  
  156  13:43  Starport Tech Lab  
  156  13:44  Supply Depot  
  156  13:45  Marine, Supply Depot, Raven  
  156  13:47  Marine x2  
  158  13:50  Marine  
  158  13:54  Marine x3, Viking  
  164  14:01  Missile Turret  
  156  14:04  Marine  
  156  14:05  Siege Tank  
  156  14:06  Marine x2  
  156  14:07  SCV  
  156  14:08  Viking  
  160  14:10  Viking  
  160  14:15  Marine  
  164  14:20  Marine x3  
  167  14:24  Viking  
  167  14:28  Supply Depot  
  170  14:44  SCV  
Show
View Real Time Build Order
Export as new Build Order

souL Terran - Winner!

Build Orders:  

Get SALT Encoding   

  12  0:00  SCV  
  13  0:12  SCV  
  14  0:17  Supply Depot  
  14  0:24  SCV  
  15  0:38  SCV  
  15  0:39  Barracks  
  16  0:43  Refinery  
  16  0:50  SCV  
  16  0:53  Refinery  
  17  1:03  SCV  
  18  1:15  SCV  
  19  1:27  Reaper  
  19  1:28  Orbital Command  
  19  1:30  Supply Depot  
  20  1:44  Factory  
  20  1:53  SCV  
  21  1:59  Reaper  
  22  2:05  SCV  
  23  2:17  SCV  
  24  2:24  Command Center  
  25  2:32  Bunker  
  25  2:33  Hellion  
  25  2:36  Reaper  
  27  2:40  SCV  
  28  2:49  Supply Depot  
  28  2:52  SCV  
  28  2:57  Factory Tech Lab  
  29  3:00  Starport  
  29  3:11  SCV  
  29  3:12  Barracks Reactor  
  30  3:17  Hellion  
  32  3:23  SCV  
  33  3:33  Refinery  
  33  3:35  SCV  
  33  3:36  Starport Tech Lab  
  33  3:38  Cyclone  
  33  3:39  Orbital Command  
  37  3:50  Marine x2  
  37  3:51  SCV  
  40  4:07  SCV  
  40  4:09  Marine  
  40  4:11  Marine  
  40  4:12  SCV  
  42  4:17  Raven  
  42  4:19  SCV  
  42  4:24  SCV, Siege Tank  
  46  4:27  Marine  
  46  4:28  Supply Depot  
  46  4:31  SCV  
  48  4:36  SCV  
  49  4:42  Marine  
  49  4:43  SCV  
  51  4:48  SCV  
  51  4:49  Marine  
  53  4:55  SCV  
  53  4:56  Siege Tank  
  57  5:00  Marine, SCV  
  59  5:07  Marine, SCV  
  59  5:12  SCV  
  61  5:17  Supply Depot  
  61  5:18  Marine  
  61  5:22  SCV, Command Center  
  62  5:29  Raven, SCV  
  62  5:31  Barracks, Siege Tank  
  62  5:33  Barracks  
  62  5:34  SCV  
  69  5:40  Supply Depot  
  69  5:41  SCV  
  69  5:42  Marine  
  70  5:46  SCV  
  72  5:53  SCV  
  72  5:56  Engineering Bay  
  73  5:57  Engineering Bay  
  73  5:59  SCV  
  74  6:05  SCV, Siege Tank  
  74  6:10  Supply Depot x2  
  74  6:11  Refinery  
  79  6:13  SCV  
  79  6:17  SCV  
  80  6:19  Barracks Reactor  
  80  6:20  Barracks Reactor  
  80  6:23  Terran Infantry Armor Level 1, Terran Infantry Weapons Level 1  
  80  6:26  SCV  
  81  6:36  Orbital Command  
  81  6:37  SCV  
  81  6:39  Siege Tank  
  85  6:40  Marine  
  85  6:41  SCV  
  87  6:49  SCV  
  83  6:54  SCV  
  83  6:58  Marine x2  
  85  7:01  Viking x2  
  85  7:02  SCV  
  85  7:04  SCV  
  85  7:07  Stimpack  
  85  7:08  Barracks  
  89  7:10  SCV, Barracks  
  89  7:11  Refinery x2  
  89  7:14  SCV, Barracks Tech Lab  
  91  7:16  Marine  
  91  7:18  SCV  
  91  7:21  Siege Tank  
  91  7:22  SCV  
  97  7:26  SCV  
  98  7:30  SCV  
  98  7:31  Armory, Combat Shield  
  98  7:32  Supply Depot  
  100  7:37  Supply Depot, SCV  
  100  7:38  SCV  
  100  7:39  Barracks  
  100  7:42  SCV  
  102  7:45  Marine, Sensor Tower  
  102  7:47  Viking  
  102  7:49  Viking, Supply Depot, SCV  
  109  7:51  SCV  
  109  7:53  Marine  
  109  7:54  SCV  
  112  7:59  Barracks Reactor  
  112  8:00  Barracks Reactor  
  112  8:01  SCV  
  112  8:06  Marine, Command Center  
  112  8:08  Marine, Siege Tank  
  117  8:13  Marine x2  
  117  8:18  Terran Infantry Weapons Level 2  
  119  8:20  Terran Infantry Armor Level 2  
  119  8:23  Marine  
  119  8:26  Marine  
  121  8:29  Viking  
  121  8:30  Viking  
  121  8:31  Marine x2  
  127  8:34  Marine  
  127  8:37  Marine  
  129  8:41  Marine  
  129  8:42  Bunker  
  129  8:43  Marine x4, Siege Tank  
  129  8:44  Marine  
  138  8:49  Marine x2, Supply Depot  
  138  8:50  Supply Depot  
  138  8:51  Terran Vehicle Weapons Level 1  
  138  8:52  Marine  
  141  8:56  Sensor Tower, Missile Turret  
  141  9:05  Supply Depot  
  141  9:06  Supply Depot  
  141  9:10  Marine x6, Medivac  
  141  9:11  Marine x2, Medivac  
  141  9:15  Siege Tank  
  141  9:16  Factory  
  156  9:21  Refinery, SCV x3  
  156  9:22  Marine  
  158  9:27  Marine  
  158  9:28  Marine x4  
  163  9:33  SCV x2  
  163  9:34  SCV  
  163  9:37  Planetary Fortress  
  163  9:38  Marine x2  
  168  9:39  Refinery, Marine  
  168  9:40  Medivac  
  168  9:43  Marine x2  
  168  9:45  Marine, SCV  
  171  9:49  Marine  
  173  9:53  Marine  
  173  9:55  Marine x3  
  173  9:56  Marine  
  173  9:57  Marine  
  151  10:01  Marine  
  151  10:06  Marine x2  
  149  10:07  Marine  
  149  10:09  Liberator  
  149  10:10  Liberator  
  149  10:11  Marine, Factory Tech Lab  
  149  10:13  Marine x4  
  161  10:19  Siege Tank  
  164  10:25  Command Center  
  164  10:31  Starport  
  164  10:32  Starport  
  164  10:35  Fusion Core  
  164  10:37  Armory  
  164  10:40  Siege Tank  
  164  10:41  Marine x3  
  170  10:45  Marine x7  
  164  10:59  Marine  
  165  11:05  SCV x3  
  165  11:06  SCV  
  165  11:07  Siege Tank  
  166  11:17  Marine, SCV x3  
  166  11:18  SCV  
  166  11:21  Starport Reactor  
  166  11:22  Starport Reactor  
  166  11:23  Viking x2  
  170  11:29  SCV x3  
  170  11:30  SCV  
  172  11:41  SCV x3  
  172  11:42  SCV  
  172  11:46  Marine x6  
  172  11:47  Marine x2  
  177  11:53  Viking x2, SCV  
  179  11:58  Marine, Siege Tank  
  179  12:00  Marine  
  181  12:04  Marine  
  181  12:05  Marine  
  181  12:07  Marine  
  174  12:10  Siege Tank  
  173  12:24  Advanced Ballistics  
  173  12:25  Liberator x6  
  179  12:38  Terran Vehicle Weapons Level 2  
  179  12:41  SCV  
  179  12:43  SCV  
  180  12:55  Siege Tank  
  186  13:00  Refinery, Sensor Tower  
  186  13:01  Refinery  
  183  13:08  Medivac x2  
  183  13:32  Viking x4  
  184  13:38  Viking x2, Command Center  
  185  13:54  Siege Tank  
  185  13:57  Marine  
  185  14:02  Viking x4  
  187  14:03  Marine  
  187  14:04  Marine  
  187  14:08  Viking x2  
  175  14:10  SCV  
  175  14:11  SCV x3  
  175  14:13  SCV  
  180  14:23  SCV x4  
  180  14:24  Missile Turret  
  184  14:25  SCV, Missile Turret  
  184  14:30  Sensor Tower  
  185  14:35  SCV x4  
  185  14:37  SCV  
  192  14:47  SCV x3  

Tags
 
Add a new tag
Caveats
  • Supply blocks, unpowered buildings, or Contaminate may cause inaccurate times.
  • Supply counts are checked every 10 seconds.